[ AOE2 MATCH · #504616437 ]
UnrankedSicilians vs Bohemians
Player's team · LOSS
Rival team · WIN
[ REPLAY ANALYSIS · EXTRACTED FROM THE RECORDED GAME ]
Feudal
8:51
Castle
19:50
Imperial
36:58
| APM avg | 58.5 |
| APM peak | 92 |
| eAPM avg | 22.6 |
| Villagers / military | 151 / 59 |
Focus
⚔️ 37.3% · 🌾 62.7%
Skirmisher ×54 · Serjeant ×2 · Scout Cavalry ×2 · Mangonel ×1
Feudal
9:15
Castle
19:15
Imperial
34:22
| APM avg | 68.0 |
| APM peak | 100 |
| eAPM avg | 29.8 |
| Villagers / military | 140 / 65 |
Focus
⚔️ 36.7% · 🌾 63.3%
Hand Cannoneer ×29 · Archer ×16 · Bombard Cannon ×7 · Monk ×6 · Mangonel ×4 · Spearman ×2
Match map
Initial resources + every placement click. Lines = walls · curves = elevation contours. ◆ gold · ⬟ stone · ● berries · ✦ relic · ◌ wall gap
Your base· Open — unwalled flank
ThunderboltX's base· ✓ Closed at 19:15 · 40t walls · 1 gate(s)
Smoothed initial terrain · ◌ = detected wall gap · hover for details
Inputs per minute
— DS_Champi WarrioR - - ThunderboltX
Build order — DS_Champi WarrioR
First 150 of 390 actions detected
| 0:01 | Create | Villager (Male) |
| 0:01 | Create | Villager (Male) |
| 0:01 | Create | Villager (Male) |
| 0:02 | Create | Villager (Male) |
| 0:02 | Create | Villager (Male) |
| 0:03 | Build | House |
| 0:04 | Build | House |
| 1:29 | Create | Villager (Male) |
| 1:29 | Create | Villager (Male) |
| 1:59 | Build | Lumber Camp |
| 2:03 | Create | Villager (Male) |
| 2:24 | Create | Villager (Male) |
| 2:24 | Create | Villager (Male) |
| 2:42 | Create | Villager (Male) |
| 3:13 | Create | Villager (Male) |
| 3:14 | Create | Villager (Male) |
| 3:35 | Create | Villager (Male) |
| 3:55 | Build | House |
| 3:57 | Create | Villager (Male) |
| 3:58 | Create | Villager (Male) |
| 4:28 | Create | Villager (Male) |
| 4:28 | Create | Villager (Male) |
| 4:50 | Create | Villager (Male) |
| 5:12 | Create | Villager (Male) |
| 5:13 | Create | Villager (Male) |
| 5:38 | Build | Mill |
| 6:15 | Research | Loom |
| 6:31 | Build | Donjon |
| 6:36 | Research | Feudal Age |
| 6:36 | Research | Feudal Age |
| 7:30 | Build | House |
| 8:28 | Create | Villager (Male) |
| 8:50 | Create | Villager (Male) |
| 8:51 | Age | Feudal Age |
| 8:53 | Create | Serjeant |
| 8:53 | Create | Serjeant |
| 8:56 | Research | Double-Bit Axe |
| 9:00 | Build | Stable |
| 9:07 | Create | Villager (Male) |
| 9:19 | Create | Villager (Male) |
| 9:24 | Build | House |
| 9:45 | Create | Villager (Male) |
| 9:45 | Create | Villager (Male) |
| 9:47 | Build | Farm |
| 9:59 | Build | House |
| 10:08 | Build | Farm |
| 10:20 | Create | Villager (Male) |
| 10:37 | Research | Horse Collar |
| 10:39 | Build | House |
| 10:45 | Create | Villager (Male) |
| 10:47 | Build | Farm |
| 11:01 | Create | Villager (Male) |
| 11:04 | Build | Farm |
| 11:28 | Build | Farm |
| 11:29 | Build | Farm |
| 11:34 | Create | Scout Cavalry |
| 11:36 | Build | House |
| 11:53 | Create | Villager (Male) |
| 11:54 | Build | Farm |
| 11:55 | Build | Farm |
| 12:01 | Create | Scout Cavalry |
| 12:04 | Create | Villager (Male) |
| 12:07 | Build | Farm |
| 12:14 | Build | House |
| 12:19 | Build | Farm |
| 12:25 | Create | Villager (Male) |
| 12:30 | Build | Palisade Wall |
| 12:35 | Build | Farm |
| 12:51 | Build | House |
| 12:52 | Build | House |
| 12:57 | Create | Villager (Male) |
| 13:04 | Build | Farm |
| 13:24 | Create | Villager (Male) |
| 13:34 | Build | Mining Camp |
| 13:37 | Create | Villager (Male) |
| 13:46 | Build | Palisade Wall |
| 13:52 | Build | House |
| 13:53 | Build | House |
| 14:01 | Create | Villager (Male) |
| 14:08 | Build | House |
| 14:11 | Build | House |
| 14:14 | Build | Palisade Wall |
| 14:19 | Create | Villager (Male) |
| 14:36 | Create | Villager (Male) |
| 15:00 | Build | Farm |
| 15:46 | Create | Villager (Male) |
| 16:03 | Build | Blacksmith |
| 16:14 | Build | Lumber Camp |
| 16:16 | Create | Villager (Male) |
| 16:37 | Build | Palisade Wall |
| 16:43 | Create | Villager (Male) |
| 17:09 | Build | Archery Range |
| 17:10 | Research | Castle Age |
| 17:10 | Research | Castle Age |
| 17:52 | Research | Padded Archer Armor |
| 17:53 | Research | Padded Archer Armor |
| 17:54 | Research | Gold Mining |
| 18:03 | Build | Palisade Wall |
| 18:05 | Create | Skirmisher |
| 18:05 | Create | Skirmisher |
| 18:11 | Build | House |
| 18:14 | Build | House |
| 18:21 | Create | Skirmisher |
| 18:25 | Research | Fletching |
| 18:36 | Build | House |
| 18:36 | Build | House |
| 18:37 | Build | House |
| 18:48 | Build | House |
| 18:51 | Build | Palisade Wall |
| 18:57 | Create | Skirmisher |
| 19:26 | Create | Skirmisher |
| 19:38 | Build | House |
| 19:49 | Build | House |
| 19:50 | Age | Castle Age |
| 19:54 | Build | House |
| 19:56 | Research | Leather Archer Armor |
| 19:58 | Create | Villager (Male) |
| 20:01 | Build | House |
| 20:05 | Create | Villager (Male) |
| 20:11 | Research | Elite Skirmisher (upgrade) |
| 20:11 | Research | Elite Skirmisher (upgrade) |
| 20:12 | Create | Skirmisher |
| 20:13 | Create | Skirmisher |
| 20:24 | Build | Palisade Wall |
| 20:30 | Research | Bodkin Arrow |
| 20:30 | Research | Bodkin Arrow |
| 20:41 | Create | Villager (Male) |
| 21:01 | Build | Palisade Wall |
| 21:14 | Create | Villager (Male) |
| 21:34 | Create | Villager (Male) |
| 21:46 | Create | Villager (Male) |
| 21:52 | Build | Town Center |
| 22:01 | Build | Farm |
| 22:04 | Build | Farm |
| 22:23 | Create | Villager (Male) |
| 22:23 | Create | Villager (Male) |
| 22:26 | Build | Farm |
| 22:36 | Create | Villager (Male) |
| 22:55 | Build | Market |
| 23:00 | Create | Villager (Male) |
| 23:10 | Create | Villager (Male) |
| 23:10 | Create | Villager (Male) |
| 23:11 | Create | Villager (Male) |
| 23:22 | Create | Villager (Male) |
| 23:22 | Create | Villager (Male) |
| 23:43 | Build | Town Center |
| 23:46 | Create | Skirmisher |
| 23:47 | Create | Villager (Male) |
| 23:47 | Create | Villager (Male) |
| 23:51 | Build | Farm |
Build order — ThunderboltX
First 150 of 360 actions detected
| 0:00 | Create | Villager (Male) |
| 0:01 | Build | House |
| 0:02 | Build | House |
| 0:15 | Create | Villager (Male) |
| 0:33 | Create | Villager (Male) |
| 0:33 | Create | Villager (Male) |
| 1:26 | Create | Villager (Male) |
| 1:56 | Create | Villager (Male) |
| 2:18 | Create | Villager (Male) |
| 2:24 | Build | Lumber Camp |
| 2:34 | Create | Villager (Male) |
| 2:48 | Create | Villager (Male) |
| 3:11 | Create | Villager (Male) |
| 3:27 | Build | House |
| 3:30 | Create | Villager (Male) |
| 4:04 | Create | Villager (Male) |
| 4:27 | Create | Villager (Male) |
| 4:38 | Build | Mill |
| 4:52 | Build | House |
| 5:01 | Create | Villager (Male) |
| 5:27 | Create | Villager (Male) |
| 5:41 | Create | Villager (Male) |
| 6:03 | Research | Loom |
| 6:54 | Research | Feudal Age |
| 7:10 | Build | Barracks |
| 7:18 | Build | House |
| 7:40 | Create | Villager (Male) |
| 8:28 | Build | Mining Camp |
| 9:10 | Build | Palisade Wall |
| 9:15 | Age | Feudal Age |
| 9:19 | Build | Archery Range |
| 9:23 | Create | Villager (Male) |
| 9:31 | Research | Double-Bit Axe |
| 9:49 | Build | Palisade Wall |
| 9:53 | Create | Spearman |
| 9:54 | Create | Villager (Male) |
| 10:00 | Build | House |
| 10:07 | Create | Archer |
| 10:19 | Build | House |
| 10:29 | Create | Villager (Male) |
| 10:34 | Create | Villager (Male) |
| 10:42 | Build | Palisade Wall |
| 10:48 | Create | Villager (Male) |
| 10:58 | Build | House |
| 11:07 | Build | Palisade Wall |
| 11:11 | Create | Villager (Male) |
| 11:12 | Create | Archer |
| 11:19 | Build | Blacksmith |
| 11:28 | Create | Villager (Male) |
| 11:32 | Build | Palisade Wall |
| 11:40 | Build | House |
| 11:43 | Build | Palisade Gate |
| 11:46 | Build | Palisade Wall |
| 11:47 | Build | Palisade Wall |
| 11:47 | Build | Palisade Wall |
| 11:50 | Build | Palisade Wall |
| 11:51 | Create | Spearman |
| 11:53 | Create | Villager (Male) |
| 11:54 | Create | Archer |
| 12:01 | Build | Farm |
| 12:02 | Build | Farm |
| 12:09 | Build | House |
| 12:15 | Create | Villager (Male) |
| 12:24 | Build | Farm |
| 12:35 | Create | Villager (Male) |
| 12:43 | Build | Farm |
| 12:51 | Create | Villager (Male) |
| 12:57 | Build | Farm |
| 13:04 | Create | Archer |
| 13:19 | Create | Archer |
| 13:26 | Build | Farm |
| 13:36 | Build | Farm |
| 13:43 | Create | Archer |
| 14:06 | Create | Villager (Male) |
| 14:08 | Build | Farm |
| 14:09 | Build | Farm |
| 14:18 | Create | Archer |
| 14:20 | Build | Farm |
| 14:39 | Create | Villager (Male) |
| 15:00 | Create | Villager (Male) |
| 15:10 | Build | Farm |
| 15:11 | Build | Farm |
| 15:14 | Build | Farm |
| 15:25 | Create | Villager (Male) |
| 15:28 | Create | Archer |
| 15:45 | Create | Archer |
| 15:45 | Create | Villager (Male) |
| 16:01 | Build | Farm |
| 16:18 | Build | Lumber Camp |
| 16:35 | Research | Castle Age |
| 16:37 | Create | Archer |
| 17:03 | Research | Fletching |
| 17:03 | Research | Fletching |
| 17:45 | Research | Horse Collar |
| 17:48 | Create | Archer |
| 17:49 | Create | Villager (Male) |
| 18:08 | Create | Archer |
| 18:49 | Build | Lumber Camp |
| 19:04 | Build | House |
| 19:08 | Create | Archer |
| 19:15 | Age | Castle Age |
| 19:16 | Research | Bodkin Arrow |
| 19:16 | Research | Bodkin Arrow |
| 19:17 | Research | Crossbowman (upgrade) |
| 19:24 | Build | Town Center |
| 19:34 | Research | Bow Saw |
| 19:37 | Create | Villager (Male) |
| 19:59 | Create | Villager (Male) |
| 20:13 | Build | Monastery |
| 20:17 | Create | Villager (Male) |
| 20:17 | Create | Villager (Male) |
| 20:35 | Create | Villager (Male) |
| 20:43 | Create | Villager (Male) |
| 20:51 | Create | Villager (Male) |
| 20:53 | Build | Farm |
| 20:55 | Build | Farm |
| 20:57 | Build | Farm |
| 20:59 | Create | Monk |
| 20:59 | Create | Villager (Male) |
| 21:00 | Create | Archer |
| 21:19 | Create | Villager (Male) |
| 21:20 | Create | Villager (Male) |
| 21:28 | Create | Villager (Male) |
| 21:49 | Create | Villager (Male) |
| 21:50 | Create | Villager (Male) |
| 22:02 | Build | Siege Workshop |
| 22:19 | Create | Villager (Male) |
| 22:19 | Create | Villager (Male) |
| 22:25 | Build | House |
| 22:29 | Research | Fervor |
| 22:34 | Create | Monk |
| 22:35 | Create | Villager (Male) |
| 22:37 | Create | Archer |
| 22:38 | Create | Archer |
| 22:42 | Build | University |
| 22:46 | Build | Archery Range |
| 22:47 | Build | Archery Range |
| 23:00 | Build | House |
| 23:03 | Build | House |
| 23:04 | Build | House |
| 23:10 | Build | House |
| 23:14 | Create | Villager (Male) |
| 23:15 | Create | Mangonel |
| 23:18 | Create | Villager (Male) |
| 23:18 | Create | Villager (Male) |
| 23:19 | Create | Villager (Male) |
| 23:40 | Research | Chemistry |
| 23:40 | Research | Chemistry |
| 23:57 | Build | House |
| 23:58 | Create | Villager (Male) |
Match timeline
| 6:31 | DS_Champi WarrioR · first_building Donjon |
| 7:10 | ThunderboltX · first_building Barracks |
| 8:51 | DS_Champi WarrioR · age_up feudal |
| 9:00 | DS_Champi WarrioR · first_building Stable |
| 9:10 | ThunderboltX · wall_segment Palisade Wall x9 |
| 9:15 | ThunderboltX · age_up feudal |
| 9:19 | ThunderboltX · first_building Archery Range |
| 9:49 | ThunderboltX · wall_segment Palisade Wall x8 |
| 10:42 | ThunderboltX · wall_segment Palisade Wall x4 |
| 11:07 | ThunderboltX · wall_segment Palisade Wall x2 |
| 11:32 | ThunderboltX · wall_segment Palisade Wall x11 |
| 11:46 | ThunderboltX · wall_segment Palisade Wall x1 |
| 11:47 | ThunderboltX · wall_segment Palisade Wall x1 |
| 11:47 | ThunderboltX · wall_segment Palisade Wall x1 |
| 11:50 | ThunderboltX · wall_segment Palisade Wall x4 |
| 12:30 | DS_Champi WarrioR · wall_segment Palisade Wall x12 |
| 13:46 | DS_Champi WarrioR · wall_segment Palisade Wall x10 |
| 14:14 | DS_Champi WarrioR · wall_segment Palisade Wall x7 |
| 16:37 | DS_Champi WarrioR · wall_segment Palisade Wall x1 |
| 17:09 | DS_Champi WarrioR · first_building Archery Range |
| 18:03 | DS_Champi WarrioR · wall_segment Palisade Wall x2 |
| 18:51 | DS_Champi WarrioR · wall_segment Palisade Wall x1 |
| 19:15 | ThunderboltX · age_up castle |
| 19:50 | DS_Champi WarrioR · age_up castle |
| 20:13 | ThunderboltX · first_building Monastery |
| 20:24 | DS_Champi WarrioR · wall_segment Palisade Wall x2 |
| 21:01 | DS_Champi WarrioR · wall_segment Palisade Wall x1 |
| 22:02 | ThunderboltX · first_building Siege Workshop |
| 23:39 | DS_Champi WarrioR · first_market_buy 100 stone |
| 28:50 | DS_Champi WarrioR · first_building Siege Workshop |
| 31:15 | ThunderboltX · first_building Castle |
| 33:33 | DS_Champi WarrioR · first_building Monastery |
| 34:22 | ThunderboltX · age_up imperial |
| 34:42 | ThunderboltX · first_market_sell 100 food |
| 34:43 | ThunderboltX · first_market_buy 100 wood |
| 36:58 | DS_Champi WarrioR · age_up imperial |
| 38:40 | DS_Champi WarrioR · resign |
[ AI ANALYSIS · 1 CREDIT ]
What really happened in this match?
Wolo.gg analyzes every decision: build order, eco, micro, common mistakes by bracket. Personalized analysis on WhatsApp or Discord in 30 seconds.
Civ guide
Sicilians
Perfil
Jugador #4358030